 Dungeon Crawl Stone Soup version 0.31.0-11-ge490571c62 (webtiles) character file.

Game seed: 13814745616615180797

18 Strat the Sneak (level 2, -2/23 HPs)
             Began as a Ghoul Enchanter on Feb 3, 2024.
             Slain by a gnoll
             ... wielding a +0 spear
              (3 damage)
             ... on level 1 of the Dungeon.
             The game lasted 00:01:24 (514 turns).

Strat the Sneak (Ghoul Enchanter)                    Turns: 514, Time: 00:01:25

Health: -2/23      AC:  5    Str: 11    XL:     2   Next: 66%
Magic:  4/4        EV: 10    Int: 14    God:
Gold:   27         SH:  0    Dex:  9    Spells: 4/4 levels left

rFire   . . .        a - +1 dagger
rCold   + . .        (no shield)
rNeg    + + +        e - +0 ring mail
rPois   ∞            (no helmet)
rElec   .            (no cloak)
rCorr   .            (no gloves)
SInv    .            (no boots)
Will    .....        (no amulet)
Stlth   +            (no ring)
HPRegen 0.00/turn    (no ring)
MPRegen 0.09/turn

%: no passive effects
@: inhibited regen
A: claws 1, cold resistance 1, negative energy resistance 3, inhibited
regeneration, torment resistance 2, devour on kill
a: no special abilities


You were on level 1 of the Dungeon.
You visited 1 branch of the dungeon, and saw 1 of its levels.

You collected 27 gold pieces.

Inventory:

Hand Weapons
 a - a +1 dagger (weapon)
Missiles
 g - 3 javelins (quivered)
Armour
 b - a +0 robe
 e - a +0 ring mail (worn)
Jewellery
 d - a ring of magical power
Potions
 c - 2 potions of invisibility
 f - a potion of enlightenment {unknown}
 h - a potion of ambrosia {unknown}


   Skills:
 + Level 1.2 Fighting
 - Level 0.8 Short Blades
 - Level 1.7 Dodging
 - Level 3.2 Stealth
 * Level 1.9 Unarmed Combat
 - Level 1.7 Spellcasting
 - Level 2.4 Hexes


You had 4 spell levels left.
You didn't know any spells.
Your spell library contained the following spells:

 Spells                   Type           Power      Damage    Failure   Level
 Ensorcelled Hibernation  Hex/Ice        8%         N/A       50%         2
 Confusing Touch          Hex            7%         N/A       54%         3
 Tukima's Dance           Hex            7%         N/A       54%         3
 Dazzling Flash           Conj/Hex       8%         N/A       73%         3


Dungeon Overview and Level Annotations

Branches:
Dungeon (1/15)

Altars:


Innate Abilities, Weirdness & Mutations

You are immune to poison.
You have sharp fingernails.
Your flesh is cold resistant. (rC+)
You are immune to negative energy. (rN+++)
You do not regenerate when monsters are visible.
You are immune to unholy pain and torment.
You thrive by killing the living.


Message History

No target in view!
The gnoll attacks as it pursues you! The gnoll barely misses you.
The gnoll hits you with a +0 spear.
You hit the gnoll.
The gnoll is lightly wounded.
The gnoll hits you with a +0 spear.
You hit the gnoll but do no damage.
The gnoll is lightly wounded.
The gnoll hits you with a +0 spear.
* * * LOW HITPOINT WARNING * * *
You hit the gnoll.
The gnoll is moderately wounded.
The gnoll barely misses you.
You barely miss the gnoll.
The gnoll is moderately wounded.
The gnoll hits you with a +0 spear.
* * * LOW HITPOINT WARNING * * *
You closely miss the gnoll.
The gnoll is moderately wounded.
The gnoll hits you with a +0 spear.
* * * LOW HITPOINT WARNING * * *
You hit the gnoll but do no damage.
The gnoll is moderately wounded.
The gnoll barely misses you.
You hit the gnoll.
The gnoll is moderately wounded.
The gnoll barely misses you.
You hit the gnoll but do no damage.
The gnoll is moderately wounded.
The gnoll hits you but does no damage.
You barely miss the gnoll.
The gnoll is moderately wounded.
You hit the gnoll but do no damage.
The gnoll is moderately wounded.
The gnoll hits you with a +0 spear.
* * * LOW HITPOINT WARNING * * *
You hit the gnoll.
The gnoll is heavily wounded.
The gnoll hits you with a +0 spear.
You die...

#. ........##........♣ #. #
.#..†.#..#...♣ ###
#.#####.##...........♣ ..#
.......##.###...#..♣P♣
♣♣♣♣♣♣♣♣.#.♣.♣.♣.♣#♣.♣....P♣.
.........#.................♣
♣♣♣♣♣♣♣♣#..♣#♣#♣.♣.♣#♣#...♣♣
####......#####.g### .....
........#.÷.....@# ...♣
##...#.)#.###....# .#P.
.....>...........# .
####.#..#####....# #.......#
###### ##....##.#####
##....##.....#
......######.#### ...####
#....#####


You could see a gnoll.

Vanquished Creatures
  An endoplasm (D:1)
  2 giant cockroaches (D:1)
  A goblin (D:1)
  A hobgoblin (D:1)
  2 kobolds (D:1)
  3 ball pythons (D:1)
  4 bats (D:1)
  A frilled lizard (D:1)
15 creatures vanquished.

Notes
Turn   | Place    | Note
-------+----------+-------------------------------------------
     0 | D:1      | Strat the Ghoul Enchanter began the quest for the Orb.
     0 | D:1      | Reached XP level 1. HP: 14/14 MP: 3/3
   121 | D:1      | Reached skill level 1 in Unarmed Combat
   193 | D:1      | Reached XP level 2. HP: 22/22 MP: 4/4
   307 | D:1      | Reached skill level 1 in Fighting
   513 | D:1      | HP: 1/23 [gnoll/+0 spear (5)]
   514 | D:1      | Slain by a gnoll

Illustrated notes

Levels and vault maps discovered:
D:1:      lightli_arrival_noodles, layout_rooms, serial_forest,
          infiniplex_forest_lined_2, infiniplex_forest_lined_3,
          infiniplex_forest_corner_1, infiniplex_forest_lined_corner,
          infiniplex_forest_clump_long, infiniplex_forest_straight_3,
          infiniplex_forest_straight_3, hangedman_abyss_or_decor_lesser_grid

Skill      XL: |  1  2 |
---------------+-------+-----
Unarmed Combat | 1 |  1.9
Fighting       | 1 |  1.2
Short Blades   | |  0.8
Dodging        | |  1.7
Stealth        | |  3.2
Spellcasting   | |  1.7
Hexes          | |  2.4

Action                     || total
---------------------------++-------
  Melee: Dagger            ||    77
   Stab: Sleeping          ||     2
 Armour: Ring mail         ||    77
  Dodge: Dodged            ||    52
